AoeStats
← Grootmeester

Arabia

510817661Analyzed
1v1 RM · 1d ago on Oct 2, 2026· 19m 54s· 2 players
Game mode
Random Map
Map size
Tiny (2 player)
Population
200
Speed
Normal
Resources
Standard
Victory
Conquest
Starting age
Dark Age
Ending age
Imperial Age
RankedLock teamsTeams togetherTeam positionsShared explorationLock speedFull tech treeHidden civsTurbo modeCheats
Victory
Defeat
🇳🇱 Saxons · Netherlands
1788
+13
1724
-13
我你她这那 什么时候
6:02 Loom
8:23 Feudal Age
9:15 Double-Bit Axe
9:48 Horse Collar
20:58 Castle Age
Grootmeester
8:06 Loom
9:54 Feudal Age
14:29 Castle Age
15:26 Double-Bit Axe
Connection lost

Rejoining the realm…

Still unreachable

The connection could not be restored.

Session expired

The server has moved on; the page needs a fresh start.